 Dungeon Crawl Stone Soup version 0.30-a0-862-g1aabd4f9c5 (webtiles) character file.

Game seed: 6273195320194790546

1 Hubjo the Grave Robber (level 1, 0/13 HPs)
             Began as a Demonspawn Necromancer on Mar 8, 2023.
             Slain by an endoplasm (3 damage)
             ... on level 1 of the Dungeon.
             The game lasted 00:00:08 (70 turns).

Hubjo the Grave Robber (Demonspawn Necromancer)       Turns: 70, Time: 00:00:08

Health: 0/13       AC:  2    Str:  8    XL:     1   Next: 16%
Magic:  0/3        EV: 12    Int: 16    God:
Gold:   0          SH:  0    Dex: 13    Spells: 3/4 levels left

rFire   . . .      SeeInvis .    (no weapon)
rCold   . . .      Faith    .    (no shield)
rNeg    . . .      Spirit   .    a - +0 robe
rPois   .          Reflect  .    (no helmet)
rElec   .          Rampage  .    (no cloak)
rCorr   .                        (no gloves)
Will    .....                    (no boots)
Stlth   ++                       (no amulet)
HPRegen 0.22/turn                (no ring)
MPRegen 0.08/turn                (no ring)

@: very slightly contaminated
A: no striking features
a: no special abilities


You were on level 1 of the Dungeon.
You visited 1 branch of the dungeon, and saw 1 of its levels.

Inventory:

Armour
 a - a +0 robe (worn)
Potions
 b - a potion of magic


   Skills:
 * Level 0.1 Fighting
 - Level 1.7 Dodging
 + Level 1.8 Stealth
 + Level 2.0 Spellcasting
 + Level 4.4 Necromancy


You had 3 spell levels left.
You knew the following spells:

 Your Spells              Type           Power      Damage    Failure   Level
a - Necrotise             Necr           60%        1d7       3%          1

Your spell library contained the following spells:

 Spells                   Type           Power      Damage    Failure   Level
 Vampiric Draining        Necr           15%        2d7       11%         3
 Animate Dead             Necr           15%        N/A       34%         4
 Agony                    Necr           15%        N/A       67%         5


Dungeon Overview and Level Annotations

Branches:
Dungeon (1/15)

Altars:


Message History

You open the door.
There is an open door here.
You open the gate.
There is an open gate here.
You open the door.
There is an open door here.
A rat comes into view.
A rat is nearby!
A rat is nearby!
A rat comes into view.
An endoplasm comes into view.
An endoplasm comes into view.
The endoplasm quivers.
The endoplasm writhes in agony.
The endoplasm writhes in agony.
You miscast Necrotise.
You are very lightly contaminated with residual magic.
Nothing appears to happen.
The endoplasm freezes you.
You are frozen.
You are out of magic!
You are out of magic!
You are out of magic!
You are out of magic!
You barely miss the endoplasm.
The endoplasm is severely wounded.
The rat bites you. The endoplasm hits you.
You barely miss the endoplasm.
The endoplasm is severely wounded.
The endoplasm quivers.
The rat bites you. The endoplasm barely misses you. The rat bites you.
You hit the endoplasm but do no damage.
The endoplasm is severely wounded.
The rat bites you. x2; The endoplasm closely misses you.
You hit the endoplasm.
You kill the endoplasm!
The rat bites you. x2
* * * LOW HITPOINT WARNING * * *
Found a scroll labelled PYXKINELEC.
The endoplasm hits you.
You die...

..#####.. .........
......... ........#+#
?.......#.######.
.................
...................
......J@rr.........
....####.........# ##
. ..#####.......# #..
.?............### .≈.
..............#.###..≈
..............#'#.#≈.§
.....##...........#..§
#.......###.......#..§
#.......# #.##...##...


You could see an endoplasm and 2 rats.

Vanquished Creatures
  An endoplasm (D:1)
1 creature vanquished.

Notes
Turn   | Place    | Note
-------+----------+-------------------------------------------
     0 | D:1      | Hubjo the Demonspawn Necromancer began the quest for the
                  | Orb.
     0 | D:1      | Reached XP level 1. HP: 13/13 MP: 3/3
    70 | D:1      | Slain by an endoplasm

Illustrated notes

Levels and vault maps discovered:
D:1:      shiori_arrival_elements, layout_basic, nicolae_titane

Action                     || total
---------------------------++-------
  Melee: Unarmed           ||     4
   Cast: Necrotise         ||     2
  Dodge: Dodged            ||     2

Table legend: (Time is in decaauts)
 A = Elapsed time spent in this place.
 B = Non-inter-level travel time spent in this place.
 C = Inter-level travel time spent in this place.
 D = Time resting spent in this place.
 E = Time spent auto-exploring this place.
 F = Levels seen in this place.
 G = Mean time per level.
                   A        B        C        D        E       F      G
               +--------+--------+--------+--------+--------+-----+--------+
         Total |     70 |     70 |      0 |      0 |     57 |   1 |   70.0 |
       Dungeon |     70 |     70 |      0 |      0 |     57 |   1 |   70.0 |
               +--------+--------+--------+--------+--------+-----+--------+

Top non-repeatable levels by time:
     D:1: 70 daAuts
